 Dungeon Crawl Stone Soup version 0.27.1-3-gb3d3a73c9e (webtiles) character file.

Game seed: 15250148087196972351

54 Logos the Magician (level 4, -5/31 HPs)
             Began as a Djinni Hedge Wizard on Oct 18, 2021.
             Slain by Grinder (8 damage)
             ... while paralysed by Grinder
             ... on level 3 of the Dungeon.
             The game lasted 00:17:47 (3366 turns).

Logos the Magician (Djinni Hedge Wizard)            Turns: 3366, Time: 00:17:48

Health: -5/31      AC:  2    Str: 15    XL:     4   Next: 12%
Gold:   69         EV:  2    Int: 17    God:
                   SH:  0    Dex: 12

rFire    + + .     SeeInvis .   l - +0 short sword (drain)
rCold    x . .     Faith    .   (no shield)
rNeg     . . .     Spirit   .   o - +0 robe
rPois    ∞         Reflect  .   c - +0 hat
rElec    .         Harm     .   (no cloak)
rCorr    .         Rampage  .   (no gloves)
Will     .....                  (boots unavailable)
Stlth    ++........             (no amulet)
HPRegen  0.10/turn              e - +6 ring of strength
MPRegen  0.00/turn              k - ring of wizardry

@: paralysed, flying
A: sickness immunity, fire resistance 2, cold vulnerability 1, float, innate
caster, hp casting, extra vitality 1
a: no special abilities


You were on level 3 of the Dungeon.
You visited 1 branch of the dungeon, and saw 3 of its levels.

You collected 69 gold pieces.

Inventory:

Hand Weapons
 a - a +0 dagger
 d - a +0 dagger
 i - a +0 short sword
 l - a +0 short sword of draining (weapon)
Missiles
 f - 11 arrows
 j - 62 stones
Armour
 b - a +0 robe
 c - a +0 hat (worn)
 o - a +0 robe (worn)
Jewellery
 e - a +6 ring of strength (left hand)
 k - a ring of wizardry (right hand)
Scrolls
 h - a scroll of teleportation
 n - a scroll of brand weapon {unknown}
Potions
 g - 2 potions of lignification {unknown}
 m - a potion of heal wounds {unknown}


   Skills:
 + Level 0.1 Fighting
 + Level 0.4 Short Blades
 + Level 2.7 Dodging
 + Level 1.8 Stealth
 + Level 3.2 Spellcasting


You couldn't memorise any spells.
You knew the following spells:

 Your Spells              Type           Power      Damage    Failure   Level
a - Magic Dart            Conj           52%        1d5       1%          1
b - Blink                 Tloc           N/A        N/A       2%          2
c - Call Imp              Summ           13%        N/A       2%          2
d - Slow                  Hex            13%        N/A       2%          2
e - Conjure Flame         Conj/Fire      13%        6-21      5%          3
f - Mephitic Cloud        Conj/Pois/Air  13%        N/A       5%          3
g - Corona                Hex            14%        N/A       1%          1
Your spell library was empty.

Dungeon Overview and Level Annotations

Branches:
Dungeon (3/15)

Altars:

Annotations:
D:3 Grinder


Innate Abilities, Weirdness & Mutations

You are immune to sickness and miasma.
You are immune to poison.
Your flesh is very heat resistant. (rF++)
You are vulnerable to cold. (rC-)
You float through the air rather than walking.
You learn spells naturally, not from books.
Your magical power is your life essence.
You have superior vitality. (+4 HP)


Message History

Aim: Grinder (100% to hit)
The magic dart hits Grinder.
Grinder is lightly wounded.
Casting: Magic Dart (safe; 1% risk of failure)
Confirm with . or Enter, or press ? or * to list all spells.
A beastly little devil appears in a puff of frigid air.
Casting: Call Imp (safe; 2% risk of failure)
Confirm with . or Enter, or press ? or * to list all spells.
A beastly little devil appears in a puff of flame.
Your white imp gestures at Grinder.
The puff of frost hits Grinder.
Grinder completely resists.
Casting: Call Imp (safe; 2% risk of failure)
Confirm with . or Enter, or press ? or * to list all spells.
A beastly little devil appears in a puff of frigid air.
Grinder hits you.
Your white imp gestures at Grinder.
The puff of frost hits Grinder.
Grinder resists.
Your crimson imp hits Grinder.
Casting: Call Imp (safe; 2% risk of failure)
Confirm with . or Enter, or press ? or * to list all spells.
A beastly little devil appears in a puff of frigid air.
Grinder hits you.
You writhe in agony.
Your white imp closely misses Grinder.
Your white imp gestures at Grinder.
The puff of frost hits Grinder.
Grinder resists.
Your crimson imp hits Grinder but does no damage.
You closely miss Grinder.
Grinder is moderately wounded.
Your white imp disappears in a puff of smoke!
Grinder gestures at you.
You suddenly lose the ability to move!
Your crimson imp hits Grinder.
Your white imp hits Grinder.
Your white imp freezes Grinder.
Grinder completely resists.
Your white imp hits Grinder but does no damage.
Grinder gestures at you. Pain shoots through your body!
* * * LOW HITPOINT WARNING * * *
Your white imp hits Grinder.
Your white imp freezes Grinder.
Grinder completely resists.
Your white imp closely misses Grinder.
Your crimson imp hits Grinder.
Grinder hits you!
You die...

.......
##...........#
....###
##..........#
..#.
###........# .
. #........# #
#.....<..#
#........#
#55§.....#
#5.......#
#@5..>...#
##########


You could see Grinder (ally target), a friendly crimson imp (summoned) and 2
friendly white imps.

Vanquished Creatures
  A worm (D:2)
  2 dart slugs (D:1)
  3 endoplasms
  A giant cockroach (D:1)
  3 goblins
  3 hobgoblins
  2 jackals
  2 quokkas
  6 ball pythons
  3 bats
  4 frilled lizards
  4 kobolds
  6 rats
40 creatures vanquished.

Vanquished Creatures (collateral kills)
  A worm (D:2)
  A bat (D:2)
  An endoplasm (D:1)
  A quokka (D:1)
  A rat (D:1)
5 creatures vanquished.

Grand Total: 45 creatures vanquished

Notes
Turn   | Place    | Note
-------+----------+-------------------------------------------
     0 | D:1      | Logos the Djinni Hedge Wizard began the quest for the Orb.
     0 | D:1      | Reached XP level 1. HP: 15/15 MP: 0/0
   172 | D:1      | Reached XP level 2. HP: 10/21 MP: 0/0
   388 | D:1      | HP: 1/21 [ball python (3)]
   817 | D:1      | Reached skill level 3 in Spellcasting
  1008 | D:1      | Reached XP level 3. HP: 19/25 MP: 0/0
  1008 | D:1      | Learned a level 1 spell: Corona
  2238 | D:2      | Found a faded altar of an unknown god.
  2516 | D:2      | Reached XP level 4. HP: 15/31 MP: 0/0
  3090 | D:3      | Noticed Grinder
  3364 | D:3      | Paralysed by Grinder for 3 turns
  3366 | D:3      | Slain by Grinder

Illustrated notes

Levels and vault maps discovered:
D:1:      dpeg_arrival_simpleton_c, layout_basic, corner_web_ring
D:2:      layout_rooms, shapermc_ecumenical_altar_pompeii,
          kennysheep_nondescript
D:3:      layout_rooms, uniq_terence, uniq_grinder

Skill      XL: |  1  2 |
---------------+-------+-----
Spellcasting   | 3 |  3.2
Fighting       | |  0.1
Short Blades   | |  0.4
Dodging        | |  2.7
Stealth        | |  1.8

Action                   |  1- 3 |  4- 6 || total
-------------------------+-------+-------++-------
Melee: Dagger            |    11 |       ||    11
       Short sword       |    16 |     3 ||    19
 Cast: Magic Dart        |    58 |     7 ||    65
       Call Imp          |    10 |     4 ||    14
       Slow              |     3 |       ||     3
       Blink             |     1 |       ||     1
       Conjure Flame     |     5 |     3 ||     8
       Mephitic Cloud    |     3 |     2 ||     5
  Use: Scroll            |     1 |       ||     1
 Stab: Sleeping          |     1 |       ||     1
Armor: Robe              |    11 |       ||    11
Dodge: Dodged            |    31 |     8 ||    39
